 Dungeon Crawl Stone Soup version 0.27.1 (webtiles) character file.

Game seed: 18340964059686241917

4 shadowrider38 the Conjurer (level 1, 0/10 HPs)
             Began as a Gargoyle Conjurer on Aug 27, 2021.
             Slain by a bat (1 damage)
             ... on level 1 of the Dungeon.
             The game lasted 00:00:50 (137 turns).

shadowrider38 the Conjurer (Gargoyle Conjurer)       Turns: 137, Time: 00:00:51

Health: 0/10       AC:  4    Str: 10    XL:     1   Next: 60%
Magic:  2/3        EV: 11    Int: 18    God:
Gold:   0          SH:  0    Dex:  8    Spells: 3/4 levels left

rFire    . . .     SeeInvis .   (no weapon)
rCold    . . .     Faith    .   (no shield)
rNeg     + . .     Spirit   .   a - +0 robe
rPois    ∞         Reflect  .   (no helmet)
rElec    +         Harm     .   (no cloak)
rCorr    .         Rampage  .   (no gloves)
Will     .....                  (no boots)
Stlth    ++........             (no amulet)
HPRegen  0.03/turn              (no ring)
MPRegen  0.08/turn              (no ring)

@: no status effects
A: sickness immunity, AC +2, negative energy resistance 1, electricity
resistance, torment resistance 1, petrification resistance
a: no special abilities


You were on level 1 of the Dungeon.
You visited 1 branch of the dungeon, and saw 1 of its levels.

Inventory:

Armour
 a - a +0 robe (worn)
 b - a +0 leather armour


   Skills:
 - Level 1.5 Dodging
 - Level 2.1 Stealth
 - Level 2.0 Spellcasting
 + Level 4.6 Conjurations


You had 3 spell levels left.
You knew the following spells:

 Your Spells              Type           Power      Damage    Failure   Level
a - Magic Dart            Conj           72%        1d6       2%          1

Your spell library contained the following spells:

 Spells                   Type           Power      Damage    Failure   Level
 Searing Ray              Conj           36%        3d4       4%          2
 Dazzling Flash           Conj/Hex       20%        N/A       21%         3
 Fulminant Prism          Conj/Hex       5%         3d7       56%         4
 Iskenderun's Mystic Bla  Conj/Tloc      10%        2d4       56%         4


Dungeon Overview and Level Annotations

Branches:
Dungeon (1/15)

Altars:


Innate Abilities, Weirdness & Mutations

You are immune to sickness and miasma.
Your stone body is resilient. (AC +2)
You are immune to poison.
You resist negative energy. (rN+)
You are resistant to electric shocks. (rElec)
You are resistant to unholy torment.
You are immune to petrification.


Message History

You are too injured to fight recklessly!
You are too injured to fight recklessly!
You are too injured to fight recklessly!
You are too injured to fight recklessly!
You are too injured to fight recklessly!
You are too injured to fight recklessly!
You are too injured to fight recklessly!
You are too injured to fight recklessly!
You are too injured to fight recklessly!
You are too injured to fight recklessly!
You are too injured to fight recklessly!
You are too injured to fight recklessly!
You are too injured to fight recklessly!
You are too injured to fight recklessly!
You are too injured to fight recklessly!
The bat hits you but does no damage. The bat hits you but does no damage.
The bat closely misses you.
You barely miss the bat.
The bat is severely wounded.
The bat misses you. The bat hits you but does no damage.
The bat barely misses you.
You closely miss the bat.
The bat is severely wounded.
The bat closely misses you. The bat hits you.
* * * LOW HITPOINT WARNING * * *
You hit the bat but do no damage.
The bat is severely wounded.
The bat barely misses you. The bat hits you but does no damage.
You barely miss the bat.
The bat is severely wounded.
The bat closely misses you. The bat hits you.
* * * LOW HITPOINT WARNING * * *
You hit the bat but do no damage.
The bat is severely wounded.
The bat closely misses you. The bat hits you.
* * * LOW HITPOINT WARNING * * *
You miss the bat.
The bat is heavily wounded.
The bat barely misses you. The bat hits you.
You die...

#.# #.# #.# #.# #.#
#.# #.# #.#
#.######### #.#
#.....b@.†# #.#
#########.#
#.################.#
...................#
#.################.#
### ###


You could see a bat.

Vanquished Creatures
  A dart slug (D:1)
  A bat (D:1)
2 creatures vanquished.

Notes
Turn   | Place    | Note
-------+----------+-------------------------------------------
     0 | D:1      | shadowrider38 the Gargoyle Conjurer began the quest for the
                  | Orb.
     0 | D:1      | Reached XP level 1. HP: 10/10 MP: 3/3
   137 | D:1      | Slain by a bat

Illustrated notes

Levels and vault maps discovered:
D:1:      giann_horns, layout_basic, serial_glass, glass_columns_a,
          glass_columns_a, minmay_misc_feat_iff

Action                   || total
-------------------------++-------
Melee: Unarmed           ||    29
 Cast: Magic Dart        ||     2
Armor: Robe              ||    24
Dodge: Dodged            ||    33
